Map: Ultralove

Players

WeAreLegion

  • Race: Terran Terran
  • League: Gold
  • Spawn Location: 7:00

THEPIRUXD - Winner!

  • Race: Terran Terran
  • League: Platinum
  • Spawn Location: 1:00

VOD

Have the link to the VOD?

Description

Time

  • Played on: Dec. 18, 2024, 12:10 a.m.
  • Length: 20:00
Show
View Real Time Build Order
Export as new Build Order

WeAreLegion Terran 

Build Orders: 1/1/1, Banshee Rush 

Get SALT Encoding   

  12  0:00  SCV  
  13  0:13  SCV  
  14  0:19  Supply Depot  
  14  0:25  SCV  
  15  0:41  SCV  
  16  0:44  Barracks  
  16  0:47  Refinery  
  16  0:50  Refinery  
  16  0:53  SCV  
  17  1:05  SCV  
  18  1:17  SCV  
  19  1:30  Orbital Command  
  19  1:31  Reaper  
  20  1:42  Factory  
  20  1:56  Supply Depot  
  20  1:57  SCV  
  21  2:03  Marine  
  22  2:09  SCV  
  23  2:21  SCV  
  24  2:27  Barracks Reactor  
  24  2:28  Starport  
  24  2:31  Hellion  
  24  2:33  SCV  
  27  2:45  SCV  
  28  2:57  SCV  
  29  2:58  Command Center, Factory Tech Lab  
  29  3:08  Marine x2  
  31  3:18  Supply Depot  
  31  3:23  Supply Depot  
  31  3:34  Cloaking Field  
  31  3:38  Factory Tech Lab  
  31  3:40  SCV, Marine x2, Banshee  
  37  3:44  Supply Depot  
  37  3:52  SCV  
  37  3:55  Barracks  
  38  3:57  Marine  
  38  4:02  Cyclone, Marine  
  43  4:10  Orbital Command  
  43  4:26  Engineering Bay  
  43  4:28  Banshee  
  43  4:31  SCV  
  47  4:37  SCV  
  48  4:43  SCV  
  48  4:44  Supply Depot  
  49  4:49  Barracks  
  49  4:56  Marine x2  
  49  4:58  Barracks Tech Lab, SCV  
  49  4:59  SCV  
  53  5:10  SCV  
  53  5:14  Marine  
  54  5:17  SCV  
  54  5:21  Refinery  
  56  5:22  SCV  
  56  5:23  Marine, Refinery  
  56  5:24  Siege Tank  
  61  5:29  SCV  
  61  5:32  Marine  
  61  5:34  SCV, Stimpack  
  64  5:38  Barracks Reactor  
  64  5:41  Raven  
  66  5:42  Marine  
  66  5:44  SCV  
  66  5:46  SCV  
  66  5:49  Marine  
  69  5:56  SCV, Siege Tank  
  74  5:58  SCV  
  74  6:00  Marine  
  73  6:13  Marine x3  
  73  6:21  Supply Depot  
  73  6:26  Supply Depot, Terran Infantry Weapons Level 1  
  73  6:28  Siege Tank  
  73  6:29  Interference Matrix  
  76  6:38  SCV  
  76  6:39  SCV, Barracks  
  78  6:40  Barracks  
  78  6:51  SCV x2, Marine x4  
  78  6:53  Raven  
  86  6:54  Command Center  
  86  7:00  Siege Tank  
  89  7:03  SCV x2  
  89  7:04  Marine  
  92  7:08  Marine x2  
  94  7:36  Supply Depot  
  94  7:37  SCV x2, Marauder  
  94  7:41  Supply Depot, Marine x3  
  94  7:42  Barracks Tech Lab  
  94  7:43  Barracks Reactor  
  101  7:49  SCV  
  102  7:52  Armory  
  102  7:53  SCV  
  101  8:01  Marauder  
  101  8:05  SCV  
  100  8:20  Terran Infantry Armor Level 1  
  100  8:22  Marauder  
  102  8:36  Siege Tank, Marine x3, Marauder  
  110  8:41  Supply Depot  
  110  8:43  Marine  
  110  8:44  Raven, Marauder  
  110  8:45  Supply Depot  
  110  8:47  SCV x2  
  117  8:57  Marauder  
  117  8:59  SCV x2  
  119  9:05  Marauder  
  119  9:09  Supply Depot  
  118  9:18  Raven  
  118  9:19  Marauder  
  104  9:27  Marauder  
  104  9:28  Marine x3  
  104  9:29  Marine  
  104  9:30  Siege Tank  
  108  9:40  Marauder  
  108  9:44  Marine x2  
  112  9:46  Marine x2  
  112  9:48  Marauder  
  115  9:56  Orbital Command  
  115  9:57  SCV  
  115  9:58  SCV  
  117  10:00  Marine x2  
  117  10:02  Siege Tank, Marauder  
  124  10:09  Marine x2, Marauder  
  124  10:10  SCV x2  
  132  10:14  Terran Infantry Weapons Level 2  
  132  10:17  Terran Ship Weapons Level 1  
  132  10:18  Marine  
  131  10:23  Marauder  
  131  10:29  Marine  
  131  10:30  Marine  
  131  10:31  Marauder  
  131  10:34  Siege Tank  
  137  10:44  Marauder  
  137  10:48  Marine x3  
  137  10:49  Marauder  
  144  10:52  Marauder  
  146  11:02  Medivac x2  
  150  11:04  Marine  
  150  11:06  Marauder  
  150  11:10  Marauder  
  155  11:11  Starport  
  155  11:13  Supply Depot x2  
  155  11:14  Marauder  
  157  11:33  Marine x3  
  157  11:34  SCV x3, Marauder, Medivac x2  
  157  11:35  Marauder x2  
  157  11:36  Marine  
  157  11:37  Supply Depot  
  157  11:38  Supply Depot  
  174  11:40  Refinery  
  174  11:44  Refinery  
  174  11:46  SCV x3  
  164  11:51  Marine  
  164  11:52  Marine x2  
  167  11:54  Marine  
  167  11:55  Marauder  
  167  11:56  Marauder x2  
  167  12:00  Widow Mine  
  176  12:04  Medivac x2  
  180  12:09  Marine  
  180  12:10  Marine  
  180  12:14  Marine x2  
  184  12:17  Marauder  
  184  12:18  Marauder x2  
  190  12:27  Marine  
  190  12:28  Marine  
  192  12:31  SCV x3  
  192  12:32  Marine x2  
  192  12:35  Command Center  
  197  12:57  Marine  
  197  12:58  Medivac  
  196  12:59  Marauder  
  196  13:15  Marauder  
  197  13:23  Marauder  
  197  13:25  Marauder  
  152  13:36  Marauder  
  111  13:44  Marauder  
  103  13:50  Marine x3  
  103  13:51  Marauder  
  103  13:52  Siege Tank  
  115  13:57  Viking x2  
  115  13:58  Marauder  
  115  14:01  Marine  
  113  14:06  Marauder  
  113  14:08  Marine x2  
  111  14:11  Supply Depot  
  111  14:12  Marauder  
  111  14:17  Marine  
  113  14:19  Marine, Marauder  
  113  14:20  Command Center  
  113  14:22  Terran Infantry Weapons Level 3  
  120  14:24  Siege Tank  
  120  14:26  Marine  
  120  14:27  Marauder, Viking x2  
  127  14:32  SCV x3  
  130  14:44  SCV x2  
  132  14:57  Viking  
  133  15:07  Missile Turret  
  133  15:08  Missile Turret  
  133  15:09  Missile Turret  
  133  15:10  Missile Turret  
  133  15:11  Marine x3, Missile Turret  
  133  15:12  Marauder x3  
  97  15:45  Marine x4  
  97  15:46  Marauder x3, Viking  
  97  15:47  Viking  
  111  15:59  Planetary Fortress  
  111  16:02  Marine  
  111  16:03  Marine  
  113  16:07  Marauder  
  110  16:28  Marine x6  
  110  16:29  Marauder  
  113  16:45  Marine  
  113  16:46  Marine x4, Marauder  
  120  16:50  Marauder  
  122  17:03  Marine x2  
  122  17:04  Marine, Marauder  
  122  17:08  Marauder  
  129  17:09  Missile Turret x2  
  129  17:13  Missile Turret, Refinery  
  129  17:15  Marine  
  130  17:16  Refinery  
  130  17:29  Marine  
  131  17:30  Viking  
  131  17:31  Viking  
  131  17:33  Starport Reactor  
  135  17:46  Command Center  
  135  17:49  SCV x3  
  135  17:50  Command Center  
  138  17:53  Marine x3  
  100  18:18  Marine x3  
  100  18:19  Marine, Marauder x3  
  73  18:20  Viking x3  
  73  18:21  Viking  
  73  18:22  Siege Tank  
  73  18:36  Marine x2  
  73  18:38  Marine  
  73  18:41  Marauder x3  
  81  19:02  Marauder  
  44  19:28  Marine x4  
  44  19:29  Marauder x3  
Show
View Real Time Build Order
Export as new Build Order

THEPIRUXD Terran - Winner!

Build Orders: Gas First Reaper Expand 

Get SALT Encoding   

  12  0:01  SCV  
  13  0:14  SCV  
  14  0:18  Supply Depot  
  14  0:26  SCV  
  15  0:30  Refinery  
  15  0:41  Barracks  
  15  0:45  SCV  
  16  0:58  SCV  
  17  1:10  SCV  
  18  1:23  SCV  
  19  1:30  Reaper  
  20  1:39  Command Center  
  20  1:44  Orbital Command  
  20  2:00  Supply Depot  
  20  2:07  Barracks Reactor  
  20  2:11  Bunker  
  20  2:13  SCV  
  21  2:20  Barracks  
  21  2:38  Factory  
  21  2:44  SCV  
  21  2:48  Engineering Bay  
  22  2:56  Marine x2  
  23  2:59  SCV  
  23  3:02  Orbital Command, Refinery  
  24  3:08  Barracks Tech Lab  
  24  3:15  Supply Depot  
  24  3:16  SCV  
  24  3:19  Terran Infantry Weapons Level 1  
  25  3:22  Marine  
  25  3:24  Factory Tech Lab  
  26  3:31  SCV x2  
  28  3:40  Supply Depot  
  28  3:46  Siege Tank  
  28  3:48  Marine x2  
  33  3:50  Marine  
  34  4:03  Starport  
  34  4:04  SCV x2  
  36  4:13  Refinery  
  36  4:16  SCV x2  
  38  4:18  Supply Depot  
  38  4:24  Siege Tank  
  41  4:39  Armory  
  41  4:44  Supply Depot  
  41  4:45  SCV x2  
  43  4:50  Marine x3  
  46  4:57  Starport Reactor  
  46  5:01  SCV x2  
  48  5:08  Marine, Refinery  
  48  5:12  Supply Depot  
  48  5:13  SCV  
  50  5:15  Missile Turret  
  50  5:17  Marine x2  
  52  5:27  Starport  
  52  5:32  Terran Ship Weapons Level 1  
  52  5:34  SCV x2  
  54  5:41  Marine x2  
  54  5:42  Marine  
  57  5:46  SCV, Medivac  
  60  5:53  Viking  
  61  5:59  Marine  
  60  6:16  Barracks Reactor  
  60  6:18  Barracks Tech Lab  
  60  6:27  Barracks, Viking x2  
  64  6:49  Marine x2  
  64  6:50  Marine  
  64  6:53  SCV x2  
  69  6:57  Viking x2  
  73  7:05  SCV x2  
  73  7:07  Marine x2  
  77  7:14  Marine  
  77  7:15  Stimpack  
  79  7:17  Missile Turret  
  79  7:19  Barracks Tech Lab  
  78  7:25  Marine x2  
  80  8:11  Marine  
  80  8:12  Marine x3  
  78  8:13  Starport Reactor  
  78  8:17  Missile Turret  
  76  8:21  Siege Tank  
  79  8:27  Viking x2  
  79  8:29  Marine x2  
  79  8:30  Marine  
  86  8:56  Supply Depot  
  86  8:57  Supply Depot  
  86  8:58  Supply Depot, Terran Infantry Weapons Level 2  
  86  9:17  Marine x3  
  86  9:18  SCV x2, Marauder, Medivac  
  86  9:19  Viking x2  
  89  9:30  SCV x2  
  89  9:31  Siege Tank  
  87  9:35  Marine x2  
  87  9:36  Marauder, Medivac  
  91  9:39  Marauder  
  93  9:57  Marine  
  94  10:01  Liberator x2  
  94  10:03  Siege Tank  
  103  10:08  SCV x2  
  103  10:09  Supply Depot  
  105  10:15  Marauder  
  105  10:20  SCV x2  
  109  10:26  Command Center  
  109  10:35  Siege Tank  
  112  10:43  Marine x4  
  112  10:46  Medivac  
  118  11:05  Combat Shield  
  118  11:09  Supply Depot  
  118  11:13  Supply Depot  
  118  11:16  Supply Depot x2  
  118  11:30  Liberator x2  
  118  11:31  Medivac  
  126  11:34  Marine x4  
  126  11:35  Siege Tank  
  133  11:52  Marine x2  
  135  11:55  Marine x2  
  137  12:10  Marine x2  
  137  12:12  Marine  
  140  12:21  Marine  
  140  12:22  Liberator x2  
  141  12:23  Medivac x2  
  141  12:28  Marine x2  
  153  12:30  Orbital Command, Marine  
  153  12:32  SCV x2  
  153  12:35  Refinery  
  156  12:37  Refinery  
  156  12:41  Terran Infantry Armor Level 1  
  156  12:44  SCV  
  156  12:45  Engineering Bay  
  157  12:53  Medivac  
  159  13:13  Marine  
  159  13:14  Marine x3  
  151  13:31  Marine x2  
  151  13:32  Marine, Marauder  
  110  13:49  Marine x2  
  110  13:50  Marauder  
  110  13:53  Marauder  
  114  14:06  Siege Tank  
  114  14:07  Marine x2  
  114  14:08  SCV x3  
  122  14:11  Marauder  
  122  14:15  Marauder  
  126  14:25  Marine x2  
  128  14:33  Marauder  
  128  14:36  Marauder  
  128  14:38  Siege Tank, Barracks  
  135  14:40  Barracks  
  135  14:42  Marine  
  135  14:43  Marine, Barracks  
  137  14:46  Barracks  
  137  14:54  Marine  
  137  14:58  Marauder  
  140  15:00  Marine x2  
  140  15:03  Liberator x2  
  140  15:04  Medivac x2  
  152  15:12  Marauder  
  154  15:18  Marine x2  
  154  15:19  Marauder  
  137  15:33  Marauder  
  137  15:34  Liberator, Medivac  
  137  15:35  Marine  
  134  15:36  Marine x2  
  134  15:40  Marine  
  124  15:46  Liberator, Medivac  
  129  15:54  Marine x2  
  129  15:55  Marauder, Barracks Reactor  
  129  15:56  Barracks Tech Lab, Barracks Reactor  
  131  15:58  Marauder  
  131  16:04  Liberator  
  136  16:12  Marine x2  
  136  16:16  Marauder  
  136  16:20  Marauder  
  136  16:25  Terran Infantry Armor Level 2, Terran Infantry Weapons Level 3  
  128  16:35  Marine  
  128  16:36  Marine x7  
  128  16:38  Marauder  
  138  16:41  Marauder  
  140  16:53  Marine, Viking  
  140  16:54  Marine x7, Command Center, Viking x3  
  145  16:59  Marauder  
  158  17:02  Marauder  
  160  17:10  Concussive Shells  
  160  17:11  Marine  
  160  17:12  Marine x4  
  165  17:16  Barracks Reactor  
  165  17:29  Supply Depot x2  
  165  17:50  Marine x9, Viking x3  
  180  18:05  Viking  
  182  18:08  Marine x2, Marauder x2  
  124  18:30  Marine x4  
  124  18:31  Marine x4, Marauder x2  
  124  18:32  Marauder  
  124  18:33  Siege Tank  
  157  18:34  Liberator, Viking x2  
  138  18:35  Liberator  
  148  18:48  Marine x4  
  149  18:49  Marine x4  
  149  18:52  Planetary Fortress, Marauder x2  
  149  18:53  Marauder  
  162  19:04  Medivac  
  162  19:05  Siege Tank  
  167  19:14  Marauder x3  
  167  19:16  Marine x2  
  167  19:17  Marine x4  
  148  19:19  Marine  
  143  19:26  Marine  
  142  19:34  Marine x2  
  142  19:35  Marauder x2  
  142  19:36  Marauder  
  151  19:53  Refinery  
  151  19:56  Refinery  
Tags
 
Add a new tag
Caveats
  • Supply blocks, unpowered buildings, or Contaminate may cause inaccurate times.
  • Supply counts are checked every 10 seconds.